[Event "*** Titled Tuesday Blitz"]
[Site "Chess.com"]
[Date "2020.04.21"]
[Round "4"]
[White "AlexOstrovskiy"]
[Black "ElHelvetico"]
[Result "1/2-1/2"]
[WhiteElo "2486"]
[BlackElo "2647"]
[TimeControl "180+1"]
[EndTime "10:41:21 PDT"]
[Termination "Game drawn by agreement"]

1. d4 Nf6 2. Bg5 d5 3. Bxf6 gxf6 4. e3 c5 5. dxc5 Nc6 6. Nf3 e6 7. Be2 Bxc5 8. O-O O-O 9. c4 dxc4 10. Qc2 b5 11. a4 Nb4 12. Qe4 Qd5 13. Qh4 Be7 14.
Nc3 Qf5 15. axb5 Bb7 16. Qxc4 Rfc8 17. Qh4 Qg6 18. Rad1 Rd8 19. Qh3 Qc2 20. Nd4 Qxb2 21. Na4 Qa2 22. Ra1 Qd5 23. Bf3 Qd7 24. Bxb7 Qxb7 25.
Nc3 Rac8 26. Nce2 Kh8 27. Ra4 Nc2 28. Nc6 Rg8 29. Rxa7 Qxb5 30. Nxe7 Qxe2 31. Nxc8 Ne1 32. g3 Nf3+ 33. Kh1 Rxc8 34. Raa1 Nd2 35. Rfe1 Qxf2 36. Qg2 Qxg2+ 37. Kxg2 Ne4 38. Rac1 Rd8 39. Red1 Rb8 40. Rb1 Rc8 41. Rbc1 Ra8 42. Rc2 f5 43. Rd7 Kg7 44. h4 Ra3 45. Kf3 Kg6 46. Rcc7 Ra2 47. Kf4 Rf2+ 48. Ke5 Nxg3 49. Rxf7 Nh5 50. Rxh7 Rf3 51. Kxe6 Rxe3+ 52. Kd5 f4 53. Rhd7 Nf6+ 54. Kd4 Nxd7 55. Rxd7 Kf5 56. Rd5+ Kg4 57. Rd8 Rh3 58. Rg8+ Kf3 59. Kd3 Kf2+ 60. Ke4 f3 61. Rf8 Rxh4+ 62. Kd3 Kg2 63. Ke3 Rh3 64. Rg8+ Rg3 65. Rf8 Rh3 66. Rg8+ Rg3 67. Rf8 f2+ 68. Ke2 Kg1 69.
Rxf2 Rg7 70. Rf1+ Kg2 71. Rf2+ 1/2-1/2

[Event "*** Titled Tuesday Blitz"]
[Site "Chess.com"]
[Date "2020.04.21"]
[Round "4"]
[White "SamuelGhimpu2003"]
[Black "MITerryble"]
[Result "1/2-1/2"]
[WhiteElo "2669"]
[BlackElo "2853"]
[TimeControl "180+1"]
[EndTime "10:41:23 PDT"]
[Termination "Game drawn by repetition"]

1. e4 e6 2. d4 d5 3. Nd2 Be7 4. Ngf3 Nf6 5. Bd3 c5 6. dxc5 dxe4 7. Nxe4 Nxe4 8. Bxe4 Qxd1+ 9. Kxd1 Bxc5 10. Ke2 Nd7 11. Be3 Bxe3 12. Kxe3 Nc5 13. Rad1 Ke7 14. Rd2 Nxe4 15.
Kxe4 Bd7 16. Ne5 Be8 17. Rhd1 f6 18. Nf3 Rc8 19. Ke3 e5 20. Nh4 g6 21. g3 Bc6 22.
c4 a5 23. Rd6 Rc7 24. b3 Rd7 25. Rxd7+ Bxd7 26. Nf3 Be6 27. Nd2 Rd8 28. Rc1 Bf5 29. f3 h5 30. Ne4 Rd4 31. h4 Bd7 32. a3 Be6 33. Nc5 Bf5 34. Rc3 Bc8 35. Rd3 Rxd3+ 36. Kxd3 g5 37. Ne4 g4 38. fxg4 Bxg4 39. Nc5 Bf3 40. Ke3 Bg2 41. b4 axb4 42. axb4 Kd6 43. Nb3 Ke6 44. Nc5+ Kd6 45. Nb3 Bf1 46. Nd2 Bh3 47.
Ne4+ Ke7 48. Kf2 Be6 49. Nd2 Bf7 50. Ke3 Ke6 51. Ne4 Ke7 52. c5 Bd5 53. Nd6 Ke6 54. Nc8 f5 55. Nd6 Bc6 56. Nc8 Bd7 57. Nd6 Bc6 58. Nc8 Bg2 59. Nd6 Bh1 60. Nc4 Kd5 61.
Nd6 Ke6 62. Nc4 Bg2 63. Nd6 Kf6 64. Nc4 Bh1 65. Nd6 Ke6 1/2-1/2

[Event "*** Titled Tuesday Blitz"]
[Site "Chess.com"]
[Date "2020.04.21"]
[Round "4"]
[White "manitodeplomo"]
[Black "crescentmoon2411"]
[Result "0-1"]
[WhiteElo "2607"]
[BlackElo "2766"]
[TimeControl "180+1"]
[EndTime "10:41:23 PDT"]
[Termination "crescentmoon2411 won on time"]

1. d4 Nf6 2. c4 e6 3. Nf3 d5 4.
Nc3 Be7 5. Bg5 h6 6. Bxf6 Bxf6 7. Qc2 c5 8. dxc5 Qa5 9. e3 dxc4 10. Bxc4 Bxc3+ 11. Qxc3 Qxc3+ 12. bxc3 Nd7 13. c6 bxc6 14.
Ke2 Nb6 15. Bd3 Ke7 16. Ne5 Bd7 17. Rhb1 Rab8 18. a4 a5 19. Be4 Rhc8 20. Ra3 Nd5 21. Rab3 Rxb3 22. Rxb3 f6 23. Nc4 c5 24. Kd3 Rc7 25.
Nxa5 Bxa4 26. Rb7 Kd7 27. Bxd5 exd5 28. c4 Rxb7 29. Nxb7 Bc6 30. Nxc5+ Kd6 31. Kd4 dxc4 32. e4 c3 33. Nd3 c2 34. Nc1 g5 35. f3 h5 36. g3 Bb5 37. h4 Bf1 38. f4 gxf4 39. gxf4 Bg2 40. Kd3 Ke6 41. Kxc2 Bxe4+ 42. Kd2 Kf5 43.
Ke3 Bc6 44. Ne2 Kg4 45. Nd4 Bd5 46. f5 Kxh4 47. Kf4 Kh3 48. Ne2 Kg2 49. Ng3 h4 50.
Nh5 h3 51. Nxf6 h2 52. Nxd5 h1=Q 53. Ke5 Qe1+ 54. Kd6 Qg3+ 55. Ke6 Qe1+ 56. Kd6 Kf3 57. f6 Qg3+ 58. Ke6 Qg6 59. Ke7 Qe4+ 60. Kd6 Qf5 61. Kc6 Ke4 62. Kc5 Qxd5+ 0-1

[Event "*** Titled Tuesday Blitz"]
[Site "Chess.com"]
[Date "2020.04.21"]
[Round "4"]
[White "LiemLe"]
[Black "wnstop"]
[Result "1-0"]
[WhiteElo "2994"]
[BlackElo "2590"]
[TimeControl "180+1"]
[EndTime "10:41:23 PDT"]
[Termination "LiemLe won by resignation"]

1. e4 c5 2. Nf3 Nc6 3. Bb5 g6 4. Bxc6 dxc6 5. d3 Qc7 6. Be3 e5 7. Nbd2 f6 8. a3 Nh6 9. h3 Nf7 10. O-O Be6 11. c3 Rd8 12. d4 cxd4 13. cxd4 Bd6 14.
Qc2 O-O 15. Nc4 Rfe8 16. Nxd6 Rxd6 17. Rfd1 Red8 18. Rd2 b6 19. Rad1 Bc8 20. Qb3 Be6 21. Qc3 R6d7 22. Rc1 Rc8 23. Rdc2 Nd6 24. dxe5 Nxe4 25.
Qxc6 Qxc6 26. Rxc6 Rxc6 27. Rxc6 Bd5 28. Rc8+ Kf7 29.
exf6 Kxf6 30. Bd4+ Ke6 31. Ne5 Re7 32. Ng4 Nd6 33.
Rh8 Nf5 34. Bc3 Rc7 35. Kh2 h5 36. Nf6 Bb3 37. Ne4 Kd5 38. Nd2 Ba2 39. Rd8+ Ke6 40. g4 hxg4 41. hxg4 Rh7+ 42. Kg2 Nd6 43. f3 Bd5 44.
Kg3 Re7 45. Bb4 Rd7 46. Rxd7 Kxd7 47. Bxd6 Kxd6 48. Kf4 Ke6 49. Kg5 Kf7 50. f4 a5 51.
Nb1 Bc6 52. Nc3 Kg7 53. Ne2 Kf7 54. Nd4 Bd7 55. Nf3 Kg7 56. Ne5 Be8 57. f5 gxf5 58. gxf5 Bb5 59. f6+ Kf8 60. Kf5 Ba4 61. Ke6 Bb3+ 62.
Kd6 b5 63. Kc5 Ba4 64. Nc6 Kf7 65. Nxa5 b4 66. Kxb4 Be8 67. Kc5 Kxf6 68. Nc6 Ke6 69. b4 Kd7 70. Kb6 Kc8 71. b5 Bf7 72. a4 1-0

[Event "*** Titled Tuesday Blitz"]
[Site "Chess.com"]
[Date "2020.04.21"]
[Round "4"]
[White "FMJoseHerrera"]
[Black "WelshTiger"]
[Result "1-0"]
[WhiteElo "2616"]
[BlackElo "2372"]
[TimeControl "180+1"]
[EndTime "10:41:24 PDT"]
[Termination "FMJoseHerrera won on time"]

1. Nf3 c5 2. g3 Nc6 3. Bg2 g6 4. d3 Bg7 5. Nc3 d6 6. h4 h6 7. e4 Nf6 8. Bf4 e5 9. Be3 Bg4 10. Qd2 Nd4 11. Nh2 Be6 12. O-O Ng4 13. Nxg4 Bxg4 14. Nd5 Nf3+ 15. Bxf3 Bxf3 16. b4 Qd7 17. Kh2 c4 18. dxc4 Bxe4 19. f3 Bf5 20. Rfe1 Be6 21. Rad1 Qc6 22. f4 Qxc4 23. fxe5 Bxe5 24. Bf4 Bxd5 25.
Qxd5 Qxd5 26. Rxd5 O-O-O 27. Bxe5 dxe5 28. Rc5+ Kb8 29. Rexe5 Rhe8 30. Kh3 f6 31. Rxe8 Rxe8 32. a4 Re4 33. c3 f5 34. h5 gxh5 35. Rxf5 h4 36. Rf4 Re3 37. Kxh4 Rxc3 38. g4 Rc1 39. Kh5 Rh1+ 40.
Kg6 Kc7 41. Rd4 Kc6 42. Rc4+ Kd6 43. a5 b6 44. a6 Kd5 45. Rc7 Rg1 46. Kh5 Rh1+ 47. Kg6 Rg1 48. Rxa7 Rxg4+ 49. Kxh6 Rxb4 50. Rb7 Kc6 51. Rg7 Ra4 52. a7 b5 53. Kg5 b4 54.
Kf4 b3+ 55. Ke3 b2 56. Rg1 Ra1 57. Rb1 Rxb1 58. a8=Q+ Kc5 59. Qa5+ Kc4 60. Qa2+ Kc3 61. Qxb1 1-0

[Event "*** Titled Tuesday Blitz"]
[Site "Chess.com"]
[Date "2020.04.21"]
[Round "4"]
[White "ntmh281"]
[Black "AlexandraBotez"]
[Result "0-1"]
[WhiteElo "2264"]
[BlackElo "2100"]
[TimeControl "180+1"]
[EndTime "10:41:24 PDT"]
[Termination "AlexandraBotez won on time"]

1. d4 Nf6 2. Nf3 g6 3. Bf4 Bg7 4. e3 d6 5. h3 O-O 6. Bh2 Nbd7 7. Be2 c5 8. O-O cxd4 9. exd4 b6 10. a4 Bb7 11. c3 Ne4 12. a5 h6 13. a6 Bc8 14. Bb5 Ndf6 15. Nbd2 Bd7 16. Bd3 Nxd2 17. Qxd2 Qc7 18. Rfe1 Rfe8 19. Qe2 Bc6 20. Nh4 Rad8 21. Bc4 e6 22. Qc2 Bd5 23. Bb5 Bc6 24. Bd3 g5 25.
Nf3 Bxf3 26. gxf3 Qc6 27. f4 Qf3 28. Bf1 gxf4 29. Bg2 Qh5 30. Bxf4 Kh8 31. Bg3 Nh7 32. Qe2 Qg6 33. Qg4 Qc2 34. Re2 Qb3 35. Rae1 Rg8 36. Qh5 Rdf8 37. Bxd6 Rd8 38. Bg3 Rd7 39.
Bc6 Re7 40. Bd6 Be5+ 41. Kh1 Bxd6 42. f3 Qc4 43. Bb7 Bf4 44. Rg2 Qc7 45. Rxg8+ Kxg8 46. Rg1+ Kh8 47. Qg4 Ng5 48. h4 f5 49. Qg2 Rg7 50.
hxg5 Rxg5 51. Qh3 Qg7 52. Rxg5 Qxg5 53. Qg2 Qh5+ 54. Kg1 Be3+ 55. Kf1 Qf7 56. Qh3 f4 57.
Qxh6+ Kg8 58. Bc8 Qg7 59. Bxe6+ Kf8 60. Qxg7+ Kxg7 61. Ke2 Kf6 62. Bc8 Bc1 63. b3 Bb2 64. Kd3 Ke7 65. c4 Kd6 66. Ke4 Bc1 67. b4 Be3 68.
c5+ Kc7 0-1

[Event "*** Titled Tuesday Blitz"]
[Site "Chess.com"]
[Date "2020.04.21"]
[Round "4"]
[White "MilanJeremic"]
[Black "Bastiandash"]
[Result "1-0"]
[WhiteElo "2242"]
[BlackElo "1975"]
[TimeControl "180+1"]
[EndTime "10:41:24 PDT"]
[Termination "MilanJeremic won by resignation"]

1. d4 Nf6 2. Nf3 e6 3. Bf4 d5 4. c3 Bd6 5. Bg3 c5 6. Nbd2 Qc7 7. e3 Nbd7 8. Bd3 b6 9. Rc1 Bb7 10. O-O Bxg3 11. hxg3 O-O 12. Re1 Rfd8 13. Bb1 Rac8 14. Qe2 Qd6 15. Nh2 e5 16. dxe5 Nxe5 17. Ndf3 Ne4 18. Nxe5 Qxe5 19. Nf3 Qe6 20. Red1 Rd7 21. Qc2 f5 22. Qa4 Re7 23. a3 a5 24. Qc2 h6 25.
Ba2 Rd8 26. b4 axb4 27. axb4 c4 28. Bxc4 Rc8 29. Ba2 Rxc3 30. Qxc3 Nxc3 31. Rxc3 Rd7 32.
Rcd3 Kh7 33. Nd4 Qe5 34. b5 Qf6 35. Bb3 Rc7 36. R3d2 h5 37. Bc2 g6 38. Bb3 Kh6 39.
Nf3 Rd7 40. Rd4 Qe6 41. Rc1 Rd6 42. Rc7 Rd7 43. Rc2 Qe8 44. Rcd2 Rd6 45. Ba4 Qd7 46. Ne5 Qe6 47. Nc6 Bxc6 48. bxc6 Rxc6 49. Bxc6 Qxc6 50. Rxd5 b5 51. Rd6 Qc1+ 52. Kh2 h4 53. gxh4 Qc4 54.
g3 b4 55. Rd7 b3 56. Rc7 Qxc7 57. Kh3 Qc2 58. Rd7 b2 59. g4 b1=Q 60. g5+ 1-0

[Event "*** Titled Tuesday Blitz"]
[Site "Chess.com"]
[Date "2020.04.21"]
[Round "4"]
[White "TregubovP"]
[Black "AryanTari"]
[Result "0-1"]
[WhiteElo "2572"]
[BlackElo "2908"]
[TimeControl "180+1"]
[EndTime "10:41:25 PDT"]
[Termination "AryanTari won on time"]

1. e4 c6 2. Nf3 d5 3. Nc3 dxe4 4. Nxe4 Nf6 5. Qe2 Nxe4 6. Qxe4 Qd5 7. Qxd5 cxd5 8. d4 Nc6 9. Bb5 e6 10. O-O Bd6 11.
c3 f6 12. Re1 Kf7 13. g3 h6 14. a4 Bd7 15. Bd3 g5 16. h4 Rae8 17. Kg2 g4 18. Nd2 e5 19. Nb3 exd4 20. Rxe8 Rxe8 21. cxd4 Nb4 22. Bb5 Bxb5 23. axb5 Re2 24. Rxa7 Nd3 25. Be3 Rxb2 26. Rxb7+ Kg6 27. Nc5 Ne1+ 28. Kf1 Bxc5 29.
Kxe1 Bb4+ 30. Kd1 h5 31. Rd7 Kf5 32. Kc1 Ba3 33. Ra7 Ra2+ 34. Kb1 Rb2+ 35. Ka1 Rxb5 36. Rxa3 Ke4 37. Ra6 f5 38. Rh6 f4 39. gxf4 g3 40. Rg6 gxf2 41. Bxf2 Kxf4 42. Ka2 Kf3 43. Rf6+ Ke4 44.
Ka3 Rb1 45. Ka4 Rf1 46. Kb5 Rc1 47. Rc6 Rf1 48. Bg3 Kxd4 49. Rh6 Rf5 50. Bb8 Kd3 51.
Bc7 d4+ 52. Kb4 Kd2 53. Rd6 d3 54. Ba5 Rf4+ 55. Kb3+ Ke2 56. Kc3 Rf3 57. Re6+ Kd1 58. Kd4 d2 59. Re5 Rf4+ 60. Kd5 Rxh4 61. Bxd2 Kxd2 0-1

[Event "*** Titled Tuesday Blitz"]
[Site "Chess.com"]
[Date "2020.04.21"]
[Round "4"]
[White "Igrok3069"]
[Black "Oleksandr_Bortnyk"]
[Result "0-1"]
[WhiteElo "2776"]
[BlackElo "3033"]
[TimeControl "180+1"]
[EndTime "10:41:27 PDT"]
[Termination "Oleksandr_Bortnyk won on time"]

1. d4 d6 2. e4 Nf6 3. f3 e5 4. dxe5 dxe5 5. Qxd8+ Kxd8 6. Bc4 Ke8 7. Be3 c6 8. Nd2 Nbd7 9. a4 Bc5 10. Ke2 Ke7 11.
a5 Rb8 12. Nb3 Bxe3 13. Kxe3 b6 14. axb6 axb6 15. Ra7 Rb7 16. Rxb7 Bxb7 17. Ne2 Ra8 18. Ra1 Rxa1 19. Nxa1 Ne8 20. Nb3 Nd6 21. Bd3 c5 22.
Nd2 b5 23. c4 b4 24. Nc1 Nf8 25. Bf1 Ne6 26. Nd3 f6 27. g3 Ba6 28. b3 Nb7 29.
f4 Kd6 30. Bh3 Ned8 31. fxe5+ fxe5 32. Bc8 Nc6 33. Nf3 h6 34. h4 Nd4 35. Bxb7 Bxb7 36. Nxd4 exd4+ 37. Kf4 Bc8 38. h5 Bh3 39. e5+ Kc6 40.
Kf3 Bf5 41. Ne1 Kd7 42. g4 Bb1 43. Kf4 Ke6 44. Nf3 Bc2 45. Nd2 Bd3 46. Nf3 Be2 47. Nd2 Bd3 48. Nf3 Bc2 49. Nd2 Ke7 50.
Kf3 Kf7 51. Kg3 Ke8 52. Kf3 Kd7 53. Kg3 Kc6 54. Kf3 Kc7 55. Kf4 Kd7 56. Kg3 Kd8 57. Kf3 Ke7 58. Kg3 Bd1 59. Kf4 Bc2 60. Kg3 Kf7 61. Kf4 g5+ 62. hxg6+ Kxg6 63. e6 Kf6 64. e7 Kxe7 65. Ke5 Bd1 0-1

[Event "*** Titled Tuesday Blitz"]
[Site "Chess.com"]
[Date "2020.04.21"]
[Round "4"]
[White "Grischuk"]
[Black "Nakachuk"]
[Result "1-0"]
[WhiteElo "3091"]
[BlackElo "2781"]
[TimeControl "180+1"]
[EndTime "10:41:28 PDT"]
[Termination "Grischuk won by resignation"]

1. Nf3 Nf6 2. g3 g6 3. c4 Bg7 4.
Nc3 O-O 5. Bg2 d6 6. d4 c5 7. d5 e6 8. O-O exd5 9. cxd5 Re8 10. Re1 a6 11. a4 Nbd7 12. Bf4 Qc7 13. h3 Ne4 14.
Nxe4 Rxe4 15. Nd2 Re8 16. Ne4 Ne5 17. Bg5 Nd7 18. Qc1 f5 19. Nd2 Ne5 20. Ra3 Bd7 21.
b4 c4 22. a5 Rac8 23. Nb1 b5 24. axb6 Qxb6 25. Bd2 Bb5 26. Bc3 Re7 27. Rf1 Rce8 28.
Qb2 Qc7 29. Nd2 Nd7 30. Bxg7 Rxg7 31. Nf3 Rge7 32. Nd4 Nf6 33. Rd1 Kf7 34. e3 Qb6 35. Rda1 Rc8 36. Ne6 Rb7 37. e4 fxe4 38. Ng5+ Ke7 39.
Nxe4 Nxe4 40. Re1 Rf8 41. Rxe4+ Kd8 42. Rae3 Rbf7 43. f4 Re8 44. Kh2 Rxe4 45. Rxe4 Kc7 46. h4 Qb8 47. Qd4 Qb7 48. Bf1 Qb6 49. Bxc4 Qxd4 50.
Rxd4 Bxc4 51. Rxc4+ Kb6 52. Rc6+ Kb5 53. Rxd6 Kxb4 54.
Rxa6 Kc5 55. Ra5+ Kd6 56. Kg2 Rb7 57. h5 gxh5 58. Kh3 Rb1 59. Ra7 Kxd5 60. Rxh7 Ke4 61.
Rxh5 Kf3 62. Kh4 Rg1 63. f5 Rxg3 64. Rg5 1-0

[Event "*** Titled Tuesday Blitz"]
[Site "Chess.com"]
[Date "2020.04.21"]
[Round "4"]
[White "Vice64"]
[Black "Gareth-Bale11"]
[Result "0-1"]
[WhiteElo "2523"]
[BlackElo "2755"]
[TimeControl "180+1"]
[EndTime "10:41:28 PDT"]
[Termination "Gareth-Bale11 won by checkmate"]

1. e4 e5 2. Nf3 Nc6 3. d4 exd4 4. c3 d5 5. exd5 Qxd5 6. cxd4 Nf6 7. Nc3 Bb4 8. Be2 O-O 9. O-O Qa5 10. a3 Bxc3 11.
bxc3 Qxc3 12. Bd2 Qb2 13. d5 Nxd5 14. Rb1 Qxa3 15. Bc1 Qd6 16. Bb2 Bg4 17. Qb3 Nb6 18. Ba3 Qe6 19. Qb2 Rfe8 20. Bb5 Bxf3 21. gxf3 a6 22. Bd3 Ne5 23. Be4 Nbc4 24. Qb4 a5 25. Qc3 Rad8 26. Rxb7 Nd2 27. Rc1 Nxe4 28. fxe4 Qg6+ 29.
Qg3 Qxe4 30. Rbxc7 Rd3 31. Qg2 Nf3+ 32. Kh1 Qe1+ 33. Qf1 Qxf1+ 34. Rxf1 h6 35. Bb2 Re4 36. Rc5 Rh4 37. Be5 Rh5 38. Bd6 Rxc5 39. Bxc5 Rc3 40.
Bd6 a4 41. Ra1 Rc4 42. Kg2 Nd2 43.
f3 Nb3 44. Ra2 f6 45. Kf2 g5 46. Ke3 Kf7 47. Ba3 Kg6 48. Kd3 Rd4+ 49. Ke3 Rh4 50. Bd6 Na5 51. f4 Nc4+ 52. Kf3 Nxd6 53. Rxa4 Nf5 54.
Kg2 Rxf4 55. Ra8 h5 56. Rg8+ Ng7 57. Ra8 h4 58. Ra3 Kh5 59. h3 Nf5 60. Ra8 Nh6 61. Rh8 g4 62. hxg4+ Rxg4+ 63. Kh3 Rg3+ 64. Kh2 Kg5 65. Rg8+ Nxg8 66. Kh1 Nh6 67. Kh2 Kg4 68. Kh1 Rc3 69. Kh2 Rc2+ 70. Kg1 Kf3 71. Kf1 Ng4 72.
Ke1 Re2+ 73. Kd1 Ne3+ 74. Kc1 h3 75. Kb1 h2 76. Ka1 h1=Q# 0-1

[Event "*** Titled Tuesday Blitz"]
[Site "Chess.com"]
[Date "2020.04.21"]
[Round "4"]
[White "kleinebeer98"]
[Black "tsvet2005"]
[Result "1/2-1/2"]
[WhiteElo "2699"]
[BlackElo "2520"]
[TimeControl "180+1"]
[EndTime "10:41:28 PDT"]
[Termination "Game drawn - insufficient material"]

1. e4 c5 2. b4 cxb4 3. a3 d5 4. exd5 Qxd5 5. Nf3 bxa3 6. Nxa3 Nc6 7. Nb5 Qd8 8. d4 Bg4 9. Bf4 Rc8 10. Nxa7 Nxa7 11. Rxa7 Qb6 12. Ra1 e6 13. Be2 Bb4+ 14. Kf1 Ne7 15.
Rb1 Qa5 16. h3 Bf5 17. Bd3 Nd5 18. Bd2 Bxd3+ 19. cxd3 Bxd2 20. Qxd2 Qxd2 21. Nxd2 Rc3 22. Rxb7 O-O 23. g3 Rxd3 24. Nb3 g6 25. Ke2 Rc3 26. Rc1 Rfc8 27. Rxc3 Rxc3 28. Nc5 Rc2+ 29. Kf3 Rc3+ 30.
Kg2 Rc2 31. Ne4 Ne3+ 32. Kh2 Nf5 33. Rd7 Re2 34. Nf6+ Kg7 35. Ne8+ Kf8 36. Nf6 Rxf2+ 37. Kg1 Rd2 38. Nxh7+ Kg8 39. Nf6+ Kg7 40. Ne4 Rxd4 41. Rxd4 Nxd4 42. Kf2 Nf5 43. Nc3 Nd6 44. g4 Kf6 45. Ke3 Ke5 46. Kf3 g5 47. Nd1 Nb5 48. Ke3 Nd4 49.
Nf2 Nc2+ 50. Kd3 Nb4+ 51. Ke3 Nd5+ 52. Kf3 Nf4 53. Kg3 f6 54. h4 gxh4+ 55. Kxh4 Ng6+ 56. Kh5 Nf4+ 57. Kh6 Kd4 58. Kg7 Nd5 59. Nh3 e5 60. g5 e4 61. g6 Ne7 62. Kxf6 Nxg6 63. Kxg6 e3 64. Nf4 e2 65. Nxe2+ 1/2-1/2

[Event "*** Titled Tuesday Blitz"]
[Site "Chess.com"]
[Date "2020.04.21"]
[Round "4"]
[White "NastaJ"]
[Black "Olga_Zhuravleva"]
[Result "1/2-1/2"]
[WhiteElo "1834"]
[BlackElo "2207"]
[TimeControl "180+1"]
[EndTime "10:41:28 PDT"]
[Termination "Game drawn by repetition"]

1. e4 e5 2. Nf3 Nc6 3. Bb5 f5 4.
Bxc6 dxc6 5. Nxe5 Qd4 6. Nf3 Qxe4+ 7. Qe2 Nf6 8. Nc3 Qxe2+ 9. Nxe2 Bd6 10. d3 h6 11. Bf4 O-O 12. h4 Nd5 13. Bxd6 cxd6 14. O-O Bd7 15. a3 Rae8 16. Ng3 g6 17. Rfe1 Kg7 18.
Rxe8 Rxe8 19. Re1 Rxe1+ 20. Nxe1 Kf6 21. Kf1 Nf4 22. Ne2 Nd5 23. Nf3 g5 24. hxg5+ hxg5 25. Nd2 b5 26. Nb3 Nb6 27. Na5 Ke5 28. f3 Na4 29. b4 c5 30. Kf2 Nb6 31. g3 Nd5 32. c3 Be8 33. bxc5 dxc5 34. Nb7 c4 35. d4+ Kf6 36.
Nc5 Bc6 37. Na6 Bb7 38. Nb4 Nc7 39. Ke3 a5 40. Nc2 Nd5+ 41. Kd2 Nb6 42. Ke3 Na4 43.
Ne1 Ke6 44. Kd2 Nb6 45. Ke3 Nd5+ 46. Kd2 Bc6 47. Nc2 Kd6 48. Ne3 Nxe3 49. Kxe3 Kd5 50. Ng1 b4 51. axb4 axb4 52. cxb4 Ba4 53. Ne2 Bb3 54.
Nc3+ Kd6 55. f4 g4 56. Kd2 Kc6 57. Ke3 Bc2 58. Kd2 Bb3 59. Ke3 Bc2 60. Kd2 Bb3 1/2-1/2

[Event "*** Titled Tuesday Blitz"]
[Site "Chess.com"]
[Date "2020.04.21"]
[Round "4"]
[White "obliviate12"]
[Black "ChessTraining77"]
[Result "1/2-1/2"]
[WhiteElo "2778"]
[BlackElo "2927"]
[TimeControl "180+1"]
[EndTime "10:41:29 PDT"]
[Termination "Game drawn by repetition"]

1. e4 e5 2. Nf3 Nc6 3. Bb5 a6 4. Ba4 Nf6 5. O-O Be7 6. Re1 b5 7. Bb3 d6 8. c3 O-O 9. h3 Na5 10.
Bc2 c5 11. d4 Nd7 12. d5 Nb6 13. b3 Bd7 14. Nbd2 c4 15. b4 Nb7 16. Nf1 a5 17.
Ng3 Re8 18. a3 axb4 19. cxb4 Na4 20. Be3 Qc8 21. Ne2 g6 22. Nd2 Nd8 23. Nb1 f6 24. Nbc3 Nxc3 25. Nxc3 Nf7 26. Rf1 Qb7 27. Qe2 Bd8 28. Kh2 Bb6 29. f4 Bd4 30. Qd2 Qb6 31.
Nd1 Bxe3 32. Nxe3 Qd4 33. Qf2 exf4 34. Qxf4 Qe5 35. Qxe5 fxe5 36. Ra2 Kg7 37. Nd1 Nh6 38. Nc3 Ng8 39. Rfa1 Reb8 40. a4 bxa4 41. Bxa4 Bxa4 42. Rxa4 Rxa4 43. Rxa4 Nf6 44. b5 Rb7 45. Rxc4 Kf7 46. Rc6 Ke7 47. g4 Nd7 48. Kg3 Nc5 49. Kh4 h6 50. g5 h5 51. Kg3 Ra7 52. Kf2 Ra3 53. Nd1 Nxe4+ 54. Ke1 Rb3 55. b6 Nc5 56.
Rc7+ Nd7 57. b7 Kd8 58. Rc8+ Ke7 59. Rc7 Kd8 60. Rc8+ Ke7 61. Rc7 1/2-1/2

[Event "*** Titled Tuesday Blitz"]
[Site "Chess.com"]
[Date "2020.04.21"]
[Round "4"]
[White "2L8IWUN"]
[Black "theblitzchamp"]
[Result "1/2-1/2"]
[WhiteElo "2441"]
[BlackElo "2630"]
[TimeControl "180+1"]
[EndTime "10:41:29 PDT"]
[Termination "Game drawn by repetition"]

1. Nf3 Nf6 2. b3 g6 3. Bb2 Bg7 4. g3 O-O 5. Bg2 d5 6. O-O c5 7. e3 Nc6 8. d4 cxd4 9. Nxd4 Bd7 10. Nxc6 bxc6 11. Nd2 Re8 12. c4 e5 13. cxd5 cxd5 14.
Nf3 Bb5 15. Re1 Ne4 16. Nd2 f5 17. Nxe4 fxe4 18. Qd2 Bd3 19. Red1 Rc8 20. Rac1 Rxc1 21. Rxc1 d4 22. Bh3 Bh6 23. Rc8 Qe7 24. Rxe8+ Qxe8 25. Qa5 Bg7 26. exd4 e3 27. fxe3 Be4 28. Qxa7 h5 29. dxe5 Qc6 30. Qd7 Qc2 31. Qc8+ Kh7 32. Qxc2 Bxc2 33.
Bd4 Kg8 34. e6 Bf8 35. Bf6 Bc5 36. e7 Bxe3+ 37. Kh1 Kf7 38. Be5 Kxe7 39. Bg2 Bc5 40.
a4 Bxb3 41. Bc6 Bc4 42. Kg2 Ke6 43. Bf4 Kf5 44. Kf3 g5 45. Bc7 g4+ 46. Kg2 Ba6 47. h3 Kg5 48. hxg4 hxg4 49. Bd8+ Kf5 50. Bd7+ Ke4 51.
Bxg4 Ke3 52. Bg5+ Kd3 53. Bf3 Kc4 54. Be2+ Kb4 55. Bxa6 Kxa4 56. Bc8 Ka5 57. Bg4 Ka6 58. Bf4 Kb6 59. Bf3 Kb5 60. g4 Bf8 61. Kg3 Kc5 62.
g5 Kd4 63. Kg4 Bg7 64. Bd1 Kc5 65. Bc2 Kd5 66. Bf5 Kc6 67. g6 Kd5 68. Bg5 Ke5 69. Bc8 Kd6 70. Bf5 Ke5 71. Bf4+ Kf6 72. Bg5+ Ke5 1/2-1/2

[Event "*** Titled Tuesday Blitz"]
[Site "Chess.com"]
[Date "2020.04.21"]
[Round "4"]
[White "Eliwood44"]
[Black "Artem_Sadovsky"]
[Result "0-1"]
[WhiteElo "2323"]
[BlackElo "2554"]
[TimeControl "180+1"]
[EndTime "10:41:30 PDT"]
[Termination "Artem_Sadovsky won by checkmate"]

1. d4 g6 2. Nf3 Bg7 3. e4 d6 4.
Nc3 e5 5. dxe5 dxe5 6. Qxd8+ Kxd8 7. Bg5+ f6 8. O-O-O+ Nd7 9. Be3 Bh6 10. Bxh6 Nxh6 11. Nd5 Rf8 12. h4 Ng4 13. Rd2 c6 14. Nb4 Ke7 15.
h5 g5 16. Nd3 Rd8 17. g3 Nf8 18. Bh3 c5 19. Bxg4 Bxg4 20. Nh2 Bxh5 21. Nxc5 Rxd2 22. Kxd2 b6 23. Nd3 Rd8 24. Ke3 Ne6 25. c3 a5 26. Nf1 Bg6 27. f3 h5 28. Nd2 b5 29.
Nb3 a4 30. Nd2 Bf7 31. Nb4 Nc5 32. Nc6+ Ke8 33. Nxd8 Kxd8 34. Ra1 Kc7 35. Nb1 Kb6 36. Na3 Nb7 37. Nc2 Nd6 38. Kf2 g4 39. Ne3 Kc5 40. a3 gxf3 41. Kxf3 Bg6 42. Nf5 Nxf5 43. exf5 Bxf5 44. Rh1 Bg6 45. Ke3 Kc4 46. Rh2 Kb3 47. Kf3 Bc2 48. Ke3 Kxb2 49. Rxh5 Kxa3 50. Kd2 Kb2 51. Rh4 a3 52. Rb4+ Bb3 53. Rxb5 a2 54. Ra5 a1=Q 55. Rxa1 Kxa1 56. Ke3 Kb2 57. Ke4 Kxc3 58.
Kf5 Kd4 59. Kxf6 e4 60. g4 e3 61. g5 e2 62. g6 e1=Q 63. g7 Qe5+ 64. Kg6 Bg8 65. Kh6 Bf7 66. g8=Q Qh5+ 67. Kg7 Qg6+ 68. Kf8 Qxg8+ 69. Ke7 Qe8+ 70. Kf6 Qe6+ 71. Kg7 Qg6+ 72. Kf8 Kd5 73. Ke7 Be8 74. Kf8 Bd7 75. Ke7 Qg7+ 76. Kd8 Bc6 77. Kc8 Qd7+ 78. Kb8 Qb7# 0-1

[Event "*** Titled Tuesday Blitz"]
[Site "Chess.com"]
[Date "2020.04.21"]
[Round "4"]
[White "pedroholly22"]
[Black "Atanejhad"]
[Result "1-0"]
[WhiteElo "2335"]
[BlackElo "2518"]
[TimeControl "180+1"]
[EndTime "10:41:30 PDT"]
[Termination "pedroholly22 won by checkmate"]

1. e4 e5 2. Nf3 Nc6 3. Bb5 a6 4. Ba4 Nf6 5. O-O Be7 6. Re1 b5 7. Bb3 d6 8. c3 O-O 9. h3 Bb7 10. d4 Nd7 11. Nbd2 exd4 12. cxd4 Na5 13. Bc2 c5 14. Nf1 Re8 15. b3 Bf6 16. Bb2 Nc6 17. Ng3 g6 18. Rc1 Rc8 19. Qd2 Bg7 20. Bb1 Qe7 21. dxc5 Bxb2 22. Qxb2 dxc5 23. e5 Ncxe5 24.
Nxe5 Nxe5 25. f4 Qh4 26. Qf2 Nd7 27. Red1 Nf6 28. Rd6 c4 29. bxc4 Rxc4 30. Rxc4 bxc4 31. Bc2 Kg7 32. Rd4 Kg8 33. Rxc4 Bd5 34. Ra4 Bb7 35.
f5 Qg5 36. fxg6 hxg6 37. Rf4 Kg7 38. Bb3 Re7 39. h4 Qe5 40. Kh2 Bd5 41. Rxf6 Bxb3 42. Rxa6 Bc4 43. Rc6 Bd5 44. Rc3 Re6 45. Rd3 Rf6 46.
Qd4 Qxd4 47. Rxd4 Bxa2 48. h5 Be6 49. hxg6 Kxg6 50. Rh4 Rf2 51. Rd4 Ra2 52. Kg1 Kf6 53. Rf4+ Ke7 54. Rf1 Ra6 55. Rf2 Ra1+ 56. Kh2 Ra3 57.
Ne4 Ra4 58. Ng5 Bd5 59. Re2+ Kf6 60. Nh3 Ra3 61. Rf2+ Kg7 62. Nf4 Be4 63. Re2 Bf5 64. Re5 Bg4 65. Rg5+ Kf6 66. Rxg4 Kf5 67. Rh4 Kg5 68.
g3 Ra2+ 69. Kh3 f6 70. Rh5# 1-0

[Event "*** Titled Tuesday Blitz"]
[Site "Chess.com"]
[Date "2020.04.21"]
[Round "4"]
[White "ToivoK3"]
[Black "RovenVogel"]
[Result "1-0"]
[WhiteElo "2900"]
[BlackElo "2687"]
[TimeControl "180+1"]
[EndTime "10:41:33 PDT"]
[Termination "ToivoK3 won on time"]

1. b3 d5 2. Bb2 Bf5 3. Nf3 e6 4. g3 Nf6 5. Nh4 Be4 6. f3 Bg6 7. Bg2 c5 8. O-O Nc6 9. e4 dxe4 10. Nxg6 hxg6 11. fxe4 c4 12. Kh1 e5 13. bxc4 Bc5 14. Nc3 Qd6 15. Nd5 O-O-O 16. Qf3 Qe6 17. h4 g5 18. Qf5 gxh4 19. g4 h3 20. Bf3 Qxf5 21. gxf5 Rh4 22. d3 Nd4 23. Bxd4 Bxd4 24. c3 Bc5 25. Rad1 Ng4 26. d4 Bd6 27. c5 Bb8 28.
Rd2 Rxd5 29. exd5 Ne3 30. Rg1 e4 31. Bd1 Nxf5 32. Bg4 g6 33. Rf2 h2 34. Rgg2 e3 35. Rf1 Kd8 36. Bxf5 gxf5 37. Rxf5 Bf4 38. Re2 Ke7 39.
d6+ Ke6 40. d7 Kxd7 41. Rxf7+ Kc6 42. Rg7 b6 43. Rg6+ Kd5 44. cxb6 axb6 45. Rxb6 Kc4 46. Rg6 Kd3 47. Rgg2 Rh6 48. d5 Rb6 49. Re1 Kxc3 50. Rf1 Be5 51. Re2 Kd4 52. Rd1+ Ke4 53. a4 Kf3 54. Rde1 Bf4 55. Ra2 Rd6 56. a5 Bg3 57. Rf1+ Bf2 58. a6 e2 59. Rxe2 Kxe2 60.
Ra1 Rxd5 61. Ra2+ Kf3 62. a7 Be3 63. a8=Q 1-0